 Dungeon Crawl Stone Soup version 0.21-a0-621-gc60411f (webtiles) character file.

12002 4thArraOfDagon the Reanimator (level 11, -4/103 HPs)
             Began as a Demigod Necromancer on Dec 23, 2017.
             Slain by a manticore (18 damage)
             ... on level 13 of the Dungeon.
             The game lasted 00:34:23 (6060 turns).

4thArraOfDagon the Reanimator (Demigod Necromancer) Turns: 6060, Time: 00:34:24

Health: -4/103     AC:  6    Str: 11    XL:     11   Next: 31%
Magic:  1/26       EV: 14    Int: 25    God:
Gold:   807        SH:  6    Dex: 16    Spells: 2/13 levels left

rFire    . . .     SeeInvis .   r - +7 quarterstaff (chaos)
rCold    . . .     Gourm    .   (shield currently unavailable)
rNeg     . . .     Faith    .   g - +0 ring mail
rPois    +         Spirit   .   (no helmet)
rElec    .         Reflect  +   s - +0 cloak
rCorr    .         Harm     .   (no gloves)
MR       +....                  (no boots)
Stlth    +.........             C - +6 amulet of reflection
HPRegen  0.27/turn              m - ring of poison resistance
MPRegen  0.20/turn              G - ring of magical power

@: barbed spikes, very slightly contaminated
A: high mp 1, robust 1, wild magic 1
a: no special abilities


You were on level 13 of the Dungeon.
You were not hungry.

You visited 1 branch of the dungeon, and saw 14 of its levels.
You also visited: Bailey.

You collected 972 gold pieces.
You spent 165 gold pieces at shops.

Inventory:

Hand Weapons
 j - a +1 mace of holy wrath
 k - a +2 war axe of chopping
 r - a +7 quarterstaff of chaos (weapon)
 v - a +2 dire flail of holy wrath
 y - a +0 battleaxe of freezing
 F - the +4 war axe of Qirphopt {vamp, SInv}
   (You found it on level 8 of the Dungeon)

   It inflicts no extra harm, but heals its wielder when it wounds a living foe.
   It lets you see invisible.
Armour
 a - a +0 robe
 g - a +0 ring mail (worn)
 i - a +1 buckler of reflection
 s - a +0 cloak (worn)
 w - a +2 robe of resistance
 A - a +2 leather armour of positive energy
 B - a +0 scale mail of fire resistance
Jewellery
 m - a ring of poison resistance (left hand)
 C - a +6 amulet of reflection (around neck)
 G - a ring of magical power (right hand)
Wands
 u - a wand of paralysis (14)
 E - a wand of flame (13)
 H - a wand of polymorph (9)
Scrolls
 e - 2 scrolls of acquirement
 l - 4 scrolls of amnesia
 n - a scroll of enchant armour
 p - 2 scrolls of noise
 q - 8 scrolls of remove curse
 x - a scroll of immolation
 M - 2 scrolls of random uselessness {unknown}
Potions
 d - 6 potions of haste
 f - a potion of cancellation
 o - 2 potions of curing
 t - 2 potions of ambrosia
 D - 2 potions of flight
 K - a potion of brilliance
 N - a potion of agility
Books
 b - a book of Necromancy

   Spells                             Type                      Level
   a - Pain                           Necromancy                   1
   b - Animate Skeleton               Necromancy                   1
   c - Vampiric Draining              Necromancy                   3
   d - Regeneration                   Charms/Necromancy            3
   e - Animate Dead                   Necromancy                   4
   f - Borgnjor's Vile Clutch         Necromancy/Earth             5
Comestibles
 c - 17 rations
 h - 9 chunks of flesh


   Skills:
 - Level 8.3 Fighting
 - Level 2.7 Axes
 * Level 6.9 Staves
 - Level 6.1 Dodging
 - Level 1.7 Stealth
 - Level 1.7 Spellcasting
 - Level 2.1 Charms
 - Level 11.5 Necromancy


You had 2 spell levels left.
You knew the following spells:

 Your Spells              Type           Power        Failure   Level  Hunger
a - Pain                  Necr           ####         1%          1    #......
b - Regeneration          Chrm/Necr      #####.....   8%          3    ###....
c - Vampiric Draining     Necr           ######....   1%          3    ###....
d - Animate Dead          Necr           N/A          4%          4    #####..


Dungeon Overview and Level Annotations

Branches:
Dungeon (14/15)            Temple (0/1) D:5            Lair (0/6) D:8
    Orc: D:9-12      Vaults: D:13-14

Shops:
D:5 (   D:9 *

Portals:
Trove: D:12 (give 7 potions of agility)

Annotations:
D:13 Josephine


Innate Abilities, Weirdness & Mutations

You have an increased reservoir of magic. (+10% MP)
You are robust. (+10% HP)
Your spells are a little harder to cast, but a little more powerful.


Message History

Press: ? - help, Shift-Dir - straight line, f/p - manticore
Aim: a manticore (chance to defeat MR: 28%)
The manticore easily resists.
The manticore bites you!
* * * LOW HITPOINT WARNING * * *
The manticore closely misses you. The manticore barely misses you.
Unknown command.
Evoke which item? (* to show all) (? for menu, Esc to quit)
Aiming: Paralyse
Press: ? - help, Shift-Dir - straight line, f/p - manticore
Aim: a manticore (chance to defeat MR: 28%)
The manticore easily resists.
The manticore barely misses you.
The manticore claws you but does no damage.
The manticore barely misses you.
Unknown command.
Evoke which item? (* to show all) (? for menu, Esc to quit)
Aiming: Paralyse
Press: ? - help, Shift-Dir - straight line, f/p - manticore
Aim: a manticore (chance to defeat MR: 28%)
The manticore easily resists.
The manticore bites you!!
You die...

#####...(.....######..
#(######....####.. #)#
#..#..≈≈##. #(#
#..##..≈≈## #(#
#..##...§≈# #.#
#..##...§§# #.#
#..##...≈§# #.#
#..)...≈≈## #@#
#..#..§≈##. #H#
H######.. #.# ..# #..
#.######H.# #..
#....ZZ...# #..
#......Z..# #..
#.........# #..
#..#####..# #.. #..#
..# #..


You could see a manticore.

Vanquished Creatures
  A centaur warrior (D:13)
  The ghost of Lanoc the Martial Artist, a novice GnTm of Sif Muna (Bailey)
  An unseen horror (D:11)
  The ghost of Salmacis the Caller, a novice OpWn of Gozag (D:7)
  An orc knight (Bailey)
  A manticore (shapeshifter) (D:13)
  A gargoyle (D:11)
  2 guardian mummies (D:12)
  A troll (D:11)
  5 slime creatures
  Grinder (D:5)
  A meliai zombie (D:12)
  A shadow (D:11)
  4 yaks (D:11)
  A wyvern (D:11)
  A vampire (D:13)
  2 wraiths (D:13)
  3 vampire mosquitoes
  Menkaure (D:5)
  2 water moccasins (D:9)
  A soldier ant (D:12)
  2 ice beasts
  5 orc warriors
  An eye of draining (D:13)
  A sky beast (D:6)
  3 ogres
  2 phantoms
  A necrophage (D:11)
  A tengu (shapeshifter) (D:12)
  7 centaurs
  A crocodile (D:13)
  A big kobold (D:9)
  A gnoll sergeant (D:11)
  5 bullfrogs
  4 scorpions
  3 killer bees (D:9)
  5 wights
  An electric eel (D:10)
  2 howler monkeys (D:7)
  2 crimson imps
  3 jellies (D:8)
  4 orc priests
  6 hounds
  Crazy Yiuf (D:2)
  8 orc wizards
  Natasha (thrice) (D:2)
  3 iguanas
  5 worker ants
  3 hound zombies
  4 hound skeletons
  3 gnolls (D:5)
  7 adders
  5 oozes (D:8)
  2 adder skeletons
  A worm (D:2)
  2 leopard geckos
  41 orcs
  3 giant cockroaches
  7 goblins
  9 hobgoblins
  6 jackals (D:6)
  3 quokkas
  A ball python (D:1)
  2 bats
  2 frilled lizards
  13 kobolds
  A quokka zombie (D:7)
  A rat (D:3)
230 creatures vanquished.

Vanquished Creatures (collateral kills)
  A guardian mummy (D:12)
1 creature vanquished.

Vanquished Creatures (others)
  A kobold (Bailey)
1 creature vanquished.

Grand Total: 232 creatures vanquished

Notes
Turn   | Place    | Note
-------+----------+-------------------------------------------
     0 | D:1      | 4thArraOfDagon the Demigod Necromancer began the quest for the Orb.
     0 | D:1      | Reached XP level 1. HP: 14/14 MP: 5/5
   223 | D:3      | Found a faded altar of an unknown god.
   417 | D:4      | Noticed a hand axe
   417 | D:4      | Noticed a dagger
   418 | D:4      | Noticed a hound
   426 | D:4      | Killed a hound
   426 | D:4      | Reached skill level 4 in Necromancy
   426 | D:4      | Reached XP level 2. HP: 10/20 MP: 0/7
   429 | D:4      | Found a hide-covered altar of Uskayaw.
   528 | D:4      | Reached XP level 3. HP: 14/26 MP: 8/8
   533 | D:4      | Learned a level 3 spell: Regeneration
   584 | D:5      | Entered Level 5 of the Dungeon
   614 | D:5      | Noticed a centaur
   640 | D:5      | Reached skill level 1 in Charms
   640 | D:5      | Reached skill level 5 in Necromancy
   647 | D:5      | Killed a centaur
   647 | D:5      | Reached XP level 4. HP: 32/33 MP: 6/9
   689 | D:4      | Reached XP level 5. HP: 35/38 MP: 10/10
   723 | D:4      | Learned a level 3 spell: Vampiric Draining
   874 | D:2      | Noticed Natasha
   879 | D:2      | Killed Natasha
   930 | D:2      | Noticed Natasha
   937 | D:2      | Killed Natasha
   983 | D:1      | Reached skill level 6 in Necromancy
  1123 | D:2      | Found a runed door.
  1127 | D:2      | Noticed Crazy Yiuf
  1135 | D:2      | HP: 1/38 [Crazy Yiuf/quarterstaff of chaos (13)]
  1136 | D:2      | Killed Crazy Yiuf
  1193 | D:2      | Noticed Natasha
  1203 | D:2      | Killed Natasha
  1242 | D:2      | Found a shattered altar of Ashenzari.
  1491 | D:5      | Reached XP level 6. HP: 45/45 MP: 11/11
  1558 | D:5      | Noticed Grinder
  1588 | D:5      | Killed Grinder
  1588 | D:5      | Reached skill level 7 in Necromancy
  1596 | D:5      | Found an ornate altar of the Wu Jian Council.
  1625 | D:5      | Noticed Menkaure
  1648 | D:5      | Killed Menkaure
  1648 | D:5      | Reached XP level 7. HP: 20/50 MP: 2/12
  1687 | D:5      | Reached skill level 8 in Necromancy
  1745 | D:5      | Found Reoruc's Weapon Shoppe.
  1774 | D:5      | Found a staircase to the Ecumenical Temple.
  2000 | D:6      | Reached skill level 9 in Necromancy
  2013 | D:6      | Got a bloodstained long sword
  2016 | D:6      | Identified the cursed +1 long sword of the Fray {protect, *Slow +Rage rF++ Str+4} (You found it on level 6 of the Dungeon)
  2078 | D:6      | Reached XP level 8. HP: 42/57 MP: 1/13
  2379 | D:7      | Reached skill level 10 in Necromancy
  2544 | D:7      | Noticed Salmacis's ghost (novice OpWn)
  2576 | D:7      | Killed Salmacis's ghost
  2576 | D:7      | Reached skill level 11 in Necromancy
  2695 | D:8      | Found a blossoming altar of Fedhas.
  2745 | D:8      | Found a stormy altar of Qazlal.
  2867 | D:8      | Reached XP level 9. HP: 46/62 MP: 4/14
  2929 | D:8      | Found a roughly hewn altar of Beogh.
  2970 | D:8      | Found a staircase to the Lair.
  3008 | D:7      | Found a glowing golden altar of the Shining One.
  3094 | D:8      | Got a smoking war axe
  3097 | D:8      | Identified the +4 war axe of Qirphopt {vamp, SInv} (You found it on level 8 of the Dungeon)
  3164 | D:9      | Reached skill level 1 in Axes
  3170 | D:9      | Found Rewamm's General Store.
  3191 | D:9      | Bought a scroll of teleportation for 30 gold pieces
  3191 | D:9      | Bought a scroll of fear for 35 gold pieces
  3191 | D:9      | Bought a potion of haste for 100 gold pieces
  3306 | D:9      | Noticed a two-headed ogre
  3348 | D:9      | Reached skill level 1 in Fighting
  3570 | D:9      | Gained mutation: You are robust. (+10% HP) [potion of mutation]
  3570 | D:9      | Gained mutation: Your spells are a little harder to cast, but a little more powerful. [potion of mutation]
  3590 | D:10     | Entered Level 10 of the Dungeon
  4252 | D:11     | Identified 2 scrolls of acquirement
  4328 | D:11     | Noticed a gargoyle
  4412 | D:11     | Reached skill level 5 in Dodging
  4451 | D:11     | Reached XP level 10. HP: 69/88 MP: 2/15
  4487 | D:11     | Thaneod: Reanimator rank^^
  4543 | D:11     | Reached skill level 5 in Fighting
  4568 | D:11     | 4thArraOfDagon: lepszy serwer
  4568 | D:11     | 4thArraOfDagon: :)
  4576 | D:11     | 4thArraOfDagon: 0 lagow
  4576 | D:11     | 4thArraOfDagon: bo ludzie wysylaja kase
  4576 | D:11     | 4thArraOfDagon: :)
  4654 | D:11     | Thaneod: ooo
  4667 | D:11     | Thaneod: ile wysłałeś euro?
  4706 | D:11     | Noticed a green ugly thing
  4719 | D:11     | Learned a level 4 spell: Animate Dead
  4770 | D:11     | Found a flagged portal.
  4789 | Bailey   | Entered a bailey
  4799 | Bailey   | Noticed Lanoc's ghost (novice GnTm)
  4800 | Bailey   | 4thArraOfDagon: 0
  4800 | Bailey   | 4thArraOfDagon: :)
  4800 | Bailey   | 4thArraOfDagon: ale wysle moze z 5
  4800 | Bailey   | 4thArraOfDagon: !lg Lanoc gntm -log
  4800 | Bailey   | beem: 2. Lanoc, XL10 GnTm, T:8487: http://crawl.xtahua.com/crawl/morgue/Lanoc/morgue-Lanoc-20171223-002022.txt
  4809 | Bailey   | Noticed an orc knight
  4817 | Bailey   | Killed Lanoc's ghost
  4829 | Bailey   | Killed an orc knight
  4912 | Bailey   | Found a burning altar of Makhleb.
  5023 | Bailey   | 4thArraOfDagon: w jaka isc bron?
  5053 | D:11     | Killed an unseen horror
  5151 | D:12     | Noticed a green ugly thing
  5264 | D:11     | Noticed a brown ugly thing
  5323 | D:12     | Reached skill level 1 in Staves
  5416 | D:12     | Thaneod: czekaj na lepsza
  5417 | D:12     | Found a portal to a secret trove of treasure.
  5429 | D:12     | Thaneod: moze z trove bedzie:)
  5537 | D:12     | 4thArraOfDagon: slabo
  5574 | D:12     | Reached XP level 11. HP: 48/103 MP: 17/17
  5749 | D:13     | Reached skill level 5 in Staves
  5790 | D:13     | Noticed Josephine
  5892 | D:13     | Thaneod: masz jakies porady dla Deep Elfa Summonera?
  5893 | D:14     | Noticed a centaur warrior
  5917 | D:13     | Killed a centaur warrior
  5989 | D:13     | 4thArraOfDagon: nie, niegralem summonerami
  5989 | D:13     | 4thArraOfDagon: niestety'
  6060 | D:13     | Slain by a manticore

Vault maps used:
D:1:      dpeg_cavernosity
D:2:      nicolae_ashenzari_panopticon, uniq_terence, uniq_natasha,
          uniq_crazy_yiuf_cottage
D:3:      chequers_ecumenical_altar_simple, minivault_19
D:4:      lemuel_upstairs_altar, vehumet_crystals, cheibriados_altar_1,
          dancing_weapons_uskayaw, first_ration
D:5:      minmay_temple_entry_purple_smoke, serial_shops, kennysheep_little_box,
          minmay_misc_feat_four_crosses, kennysheep_flooded_box, uniq_grinder,
          uniq_edmund, uniq_menkaure
D:6:      black_bear_nest_1, serial_bayou_pond_a
D:7:      nicolae_overflow_hidden_temple
D:8:      overflow_temple_1_default, fedhas_altar_2, dpeg_oklobed_lair,
          special_room, basic_altar, grunt_decor_arrowhead,
          hangedman_little_slice_of_home
D:9:      minmay_bloctagon, serial_shops, shop
D:11:     hiddenorc1_lemuel, enter_bailey_3, stair_cage_line
D:12:     nicolae_trove_entry_path_of_doom, nicolae_qazlal_general_emergency
D:13:     grunt_vaults_entry_tiered, kennysheep_nub, uniq_josephine
D:14:     serial_shops, shop, lemuel_hellish_altar
Bailey:   bailey_axe_3, bailey

Skill      XL: |  1  2  3  4  5  6  7  8  9 10 11 |
---------------+----------------------------------+-----
Necromancy     | 4 5 6 7 9 11 | 11.5
Charms         | 2 |  2.1
Axes           | 2 |  2.7
Dodging        | 5 6 |  6.1
Fighting       | 4 8 |  8.3
Staves         | 3 6 |  6.9
Stealth        | |  1.7
Spellcasting   | |  1.7

Action                   |  1- 3 |  4- 6 |  7- 9 | 10-12 || total
-------------------------+-------+-------+-------+-------++-------
Melee: War axe           |    28 |    54 |   145 |       ||   227
       Quarterstaff      |       |    46 |   337 |   259 ||   642
       Battleaxe         |       |       |    13 |       ||    13
 Cast: Pain              |     6 |       |     1 |       ||     7
       Regeneration      |     2 |    11 |    57 |    36 ||   106
       Vampiric Draining |       |     3 |    13 |    31 ||    47
       Animate Dead      |       |       |       |     3 ||     3
Evoke: Wand              |       |       |       |    24 ||    24
       Phantom mirror    |       |       |       |     1 ||     1
  Use: Potion            |     3 |     2 |     4 |     4 ||    13
       Scroll            |       |     2 |    19 |     2 ||    23
 Stab: Paralysed         |       |     1 |     4 |    11 ||    16
       Sleeping          |       |     1 |       |     1 ||     2
       Confused          |       |       |     1 |       ||     1
       Petrified         |       |       |     2 |     5 ||     7
       Petrifying        |       |       |     2 |     3 ||     5
  Eat: Chunk             |       |     5 |    17 |    13 ||    35
       Ration            |       |       |     3 |     1 ||     4
Armor: Ring mail         |    19 |    40 |   167 |    78 ||   304
       Skin              |       |       |    41 |    18 ||    59
Dodge: Dodged            |    26 |    63 |   335 |   171 ||   595
Block: Other             |       |       |    97 |   100 ||   197
       Reflection        |       |       |     4 |    12 ||    16

Table legend:
 A = Spawn XP
 B = Non-spawn XP
 C = Spawn XP percentage of total XP
 D = Spawn monster count
 E = Non-spawn monster count
 F = Spawn count percentage of total count
 G = Total turns spent on level
                    A         B        C        D         E        F      G
               +---------+---------+-------+---------+---------+-------+---------
         Total |       0 |   17146 |   0.0 |       0 |     232 |   0.0 |  6060
               +---------+---------+-------+---------+---------+-------+---------
           D:1 |       0 |      18 |   0.0 |       0 |      10 |   0.0 |   330
           D:2 |       0 |     159 |   0.0 |       0 |      10 |   0.0 |   389
           D:3 |       0 |      31 |   0.0 |       0 |      11 |   0.0 |   293
           D:4 |       0 |      82 |   0.0 |       0 |       5 |   0.0 |   380
           D:5 |       0 |     860 |   0.0 |       0 |      11 |   0.0 |   399
           D:6 |       0 |     704 |   0.0 |       0 |      24 |   0.0 |   448
           D:7 |       0 |     945 |   0.0 |       0 |       7 |   0.0 |   383
           D:8 |       0 |     705 |   0.0 |       0 |      40 |   0.0 |   556
           D:9 |       0 |    1965 |   0.0 |       0 |      30 |   0.0 |   644
          D:10 |       0 |     570 |   0.0 |       0 |      12 |   0.0 |   439
          D:11 |       0 |    3364 |   0.0 |       0 |      23 |   0.0 |   789
          D:12 |       0 |    2228 |   0.0 |       0 |      15 |   0.0 |   360
          D:13 |       0 |    3780 |   0.0 |       0 |      17 |   0.0 |   410
        Bailey |       0 |    1735 |   0.0 |       0 |      17 |   0.0 |   235
               +---------+---------+-------+---------+---------+-------+---------
